 Dungeon Crawl Stone Soup version 0.22.0-21-g8bd1b0a76a (webtiles) character file.

2084100 GordonOverkill the Conqueror (level 27, 273/273 HPs)
             Began as a Minotaur Ice Elementalist on Aug 19, 2018.
             Was the Champion of Fedhas.
             Escaped with the Orb
             ... and 4 runes on Aug 20, 2018!
             The game lasted 03:11:09 (89541 turns).

GordonOverkill the Conqueror (MiIE)                Turns: 89541, Time: 03:11:10

Health: 273/273    AC: 43    Str: 24    XL:     27
Magic:  52/52      EV: 13    Int: 14    God:    Fedhas [******]
Gold:   2114       SH: 29    Dex: 11    Spells: 34/36 levels left

rFire    + + .     SeeInvis +   a - +9 broad axe (freeze)
rCold    + + +     Gourm    .   m - +0 large shield
rNeg     + . .     Faith    .   N - +4 gold dragon scales
rPois    +         Spirit   .   V - +0 mask of the Dragon {MR+ Slay+3 SInv}
rElec    +         Reflect  .   s - +2 cloak {+Inv}
rCorr    .         Harm     .   E - +2 pair of gloves
MR       +++++     Clarity  +   g - +2 pair of boots {run}
Stlth    ..........             r - amulet of the Four Winds {rN+ MR+++ Clar}
HPRegen  0.55/turn              Y - ring "Doto" {rF+ rC+ MP+9 Str+4}
MPRegen  0.33/turn              k - ring of Urom {rElec rC+ MP+9 Stlth+}

@: quick
A: retaliatory headbutt, horns 2, large bone plates 1, berserk 1, blurry vision
1, clever 1, clumsy 2, deterioration 2, inhibited regeneration, weak 1
0: Orb of Zot
}: 4/15 runes: decaying, slimy, silver, gossamer
a: Fungal Bloom, Sunlight, Evolution, Growth, Reproduction, Rain, Renounce
Religion, Evoke Invisibility


You escaped.
You worshipped Fedhas.
Fedhas was exalted by your worship.
You were completely stuffed.

You visited 10 branches of the dungeon, and saw 54 of its levels.
You visited the Abyss 1 time.
You also visited: Labyrinth and Desolation.

You collected 8071 gold pieces.
You spent 5957 gold pieces at shops.

Inventory:

Hand Weapons
 a - a +9 broad axe of freezing (weapon)
 b - a +5 broad axe of electrocution
 w - a +1 antimagic broad axe
 U - a +4 broad axe of draining
Missiles
 Q - 7 throwing nets (quivered)
Armour
 g - a +2 pair of boots of running (worn)
 m - a +0 large shield (worn)
 s - a +2 cloak of invisibility (worn)
 E - a +2 pair of gloves (worn)
 N - +4 gold dragon scales (worn)
 V - the +0 mask of the Dragon (worn) {MR+ Slay+3 SInv}
   (You found it on level 5 of the Vaults)

   It affects your accuracy and damage with ranged weapons and melee attacks
   (+3).
   It affects your resistance to hostile enchantments.
   It lets you see invisible.
Jewellery
 k - the ring of Urom (right hand) {rElec rC+ MP+9 Stlth+}
   (You took it off an ironbrand convoker in the Desolation of Salt)

   [ring of magical power]

   It protects you from cold.
   It insulates you from electricity.
   It affects your magic capacity (+9).
   It makes you more stealthy.
 r - the amulet of the Four Winds (around neck) {rN+ MR+++ Clar}
   (You found it on level 3 of the Depths)

   [amulet of nothing]

   It protects you from negative energy.
   It affects your resistance to hostile enchantments.
   It protects you against confusion.
 C - the ring "Veizogh" {rCorr Dex+8}
   (You found it in the Desolation of Salt)

   [ring of resist corrosion]

   It affects your dexterity (+8).
 G - the amulet "Qunoz" {+Rage rPois Str+7}
   (You bought it in a shop on level 2 of the Orcish Mines)

   [amulet of rage]

   It affects your strength (+7).
   It protects you from poison.
   It lets you go berserk.
 X - the ring "Neololos" {+Blink +Inv rC++ Str+3 Stlth+}
   (You took it off a deep elf annihilator on level 3 of the Elven Halls)

   [ring of strength]

   It affects your strength (+3).
   It greatly protects you from cold.
   It lets you turn invisible.
   It lets you blink.
   It makes you more stealthy.
 Y - the ring "Doto" (left hand) {rF+ rC+ MP+9 Str+4}
   (You bought it in a shop on level 2 of the Orcish Mines)

   [ring of magical power]

   It affects your strength (+4).
   It protects you from fire.
   It protects you from cold.
   It affects your magic capacity (+9).
Wands
 j - a wand of flame (32)
 q - a wand of iceblast (28)
 t - a wand of acid (26)
 u - a wand of paralysis (46)
 K - a wand of digging (22)
 L - a wand of clouds (3)
Scrolls
 e - 21 scrolls of remove curse
 f - 12 scrolls of amnesia
 l - 9 scrolls of magic mapping
 y - 2 scrolls of summoning
 B - 4 scrolls of blinking
 D - 2 scrolls of silence
 H - 4 scrolls of fear
 I - 3 scrolls of fog
 M - 8 scrolls of immolation
 P - 17 scrolls of identify
 R - 14 scrolls of teleportation
 T - 4 scrolls of holy word
Potions
 d - 3 potions of magic
 h - 14 potions of curing
 i - 5 potions of agility
 n - 3 potions of might
 o - 2 potions of heal wounds
 p - 3 potions of ambrosia
 v - 12 potions of flight
 x - 11 potions of haste
 A - a potion of resistance
 F - 9 potions of lignification
 J - 11 potions of brilliance
 O - a potion of cancellation
 W - 2 potions of invisibility
 Z - 2 potions of berserk rage
Comestibles
 c - 17 rations


   Skills:
 O Level 27 Fighting
 - Level 19.0 Axes
 O Level 27 Armour
 + Level 16.6 Dodging
 - Level 1.5 Stealth
 - Level 25.0 Shields
 - Level 5.0 Spellcasting
   Level 0.6 Conjurations
 - Level 12.0 Charms
   Level 2.1 Ice Magic
 - Level 16.0 Invocations
 - Level 6.0 Evocations


You had 34 spell levels left.
You knew the following spells:

 Your Spells              Type           Power        Failure   Level  Hunger
a - Song of Slaying       Chrm           #####...     1%          2    ##.....

Your spell library contained the following spells:

 Spells                   Type           Power        Failure   Level  Hunger
 Infusion                 Chrm           ####         1%          1    None
 Shroud of Golubria       Chrm/Tloc      ###.......   17%         2    ##.....
 Swiftness                Chrm/Air       ###.....     17%         2    ##.....
 Ozocubu's Armour         Chrm/Ice       ###.....     22%         3    ###....
 Regeneration             Chrm/Necr      ###.......   32%         3    ###....
 Spectral Weapon          Hex/Chrm       ###.....     32%         3    ###....
 Freeze                   Ice            #...         47%         1    None
 Magic Dart               Conj           #...         71%         1    None
 Flame Tongue             Conj/Fire      #....        75%         1    None
 Shock                    Conj/Air       #...         75%         1    None
 Sting                    Conj/Pois      #...         75%         1    None
 Throw Frost              Conj/Ice       #.....       75%         2    ##.....
 Ensorcelled Hibernation  Hex/Ice        #.....       77%         2    ##.....
 Animate Skeleton         Necr           N/A          78%         1    None
 Apportation              Tloc           #.....       78%         1    None
 Beastly Appendage        Tmut           #.....       78%         1    None
 Confusing Touch          Hex            #.....       78%         1    None
 Corona                   Hex            #......      78%         1    None
 Pain                     Necr           #...         78%         1    None
 Sandblast                Erth           #.....       78%         1    None
 Summon Butterflies       Summ           #.......     78%         1    None
 Summon Small Mammal      Summ           #...         78%         1    None
 Blink                    Tloc           N/A          89%         2    ##.....
 Call Imp                 Summ           #.......     89%         2    ##.....
 Corpse Rot               Necr           N/A          89%         2    ##.....
 Passwall                 Tmut/Erth      #.......     89%         2    ##.....
 Poisonous Vapours        Pois/Air       #.....       89%         2    ##.....
 Slow                     Hex            #.......     89%         2    ##.....
 Sticks to Snakes         Tmut           #.......     89%         2    ##.....
 Sublimation of Blood     Necr           #.........   89%         2    ##.....
 Excruciating Wounds      Chrm/Necr      ###.......   97%         5    ######.
 Call Canine Familiar     Summ           #.......     98%         3    ###....
 Confuse                  Hex            #.......     98%         3    ###....
 Conjure Flame            Conj/Fire      #.......     98%         3    ###....
 Dazzling Spray           Conj/Hex       #.....       98%         3    ###....
 Gell's Gravitas          Tloc           #.........   98%         3    ###....
 Ignite Poison            Fire/Tmut/Pois #.......     98%         3    ###....
 Inner Flame              Hex/Fire       #.......     98%         3    ###....
 Lesser Beckoning         Tloc           #.........   98%         3    ###....
 Mephitic Cloud           Conj/Pois/Air  #.......     98%         3    ###....
 Portal Projectile        Hex/Tloc       #.....       98%         3    ###....
 Spider Form              Tmut/Pois      #.........   98%         3    ###....
 Static Discharge         Conj/Air       #.......     98%         3    ###....
 Stone Arrow              Conj/Erth      #.....       98%         3    ###....
 Summon Guardian Golem    Hex/Summ       #.......     98%         3    ###....
 Teleport Other           Tloc           #.......     98%         3    ###....
 Tukima's Dance           Hex            #.......     98%         3    ###....
 Vampiric Draining        Necr           #.........   98%         3    ###....
 Airstrike                Air            #.........   100%        4    ####...
 Animate Dead             Necr           N/A          100%        4    ####...
 Cause Fear               Hex            #.........   100%        4    ####...
 Ice Form                 Ice/Tmut       #.......     100%        4    ####...
 Leda's Liquefaction      Hex/Erth       #.........   100%        4    ####...
 Olgreb's Toxic Radiance  Pois           #.......     100%        4    ####...
 Petrify                  Tmut/Erth      #.......     100%        4    ####...
 Summon Ice Beast         Ice/Summ       #.......     100%        4    ####...
 Summon Lightning Spire   Summ/Air       #.......     100%        4    ####...
 Throw Icicle             Conj/Ice       #.......     100%        4    ####...
 Agony                    Necr           #.......     100%        5    ######.
 Alistair's Intoxication  Tmut/Pois      #.......     100%        5    ######.
 Blade Hands              Tmut           #.........   100%        5    ######.
 Bolt of Draining         Conj/Necr      #.........   100%        5    ######.
 Dispel Undead            Necr           #.......     100%        5    ######.
 Fireball                 Conj/Fire      #.........   100%        5    ######.
 Lee's Rapid Deconstruct  Erth           #.........   100%        5    ######.
 Lightning Bolt           Conj/Air       #.........   100%        5    ######.
 Metabolic Englaciation   Hex/Ice        #.........   100%        5    ######.
 Silence                  Hex/Air        #.........   100%        5    ######.
 Summon Demon             Summ           #.........   100%        5    ######.
 Venom Bolt               Conj/Pois      #.........   100%        5    ######.
 Yara's Violent Unravell  Hex/Tmut       #.........   100%        5    ######.
 Bolt of Cold             Conj/Ice       #.........   100%        6    #######
 Bolt of Fire             Conj/Fire      #.........   100%        6    #######
 Conjure Ball Lightning   Conj/Air       #.........   100%        6    #######
 Darkness                 Hex            #.........   100%        6    #######
 Death Channel            Necr           #.........   100%        6    #######
 Deflect Missiles         Chrm/Air       ###.......   100%        6    #######
 Freezing Cloud           Conj/Ice/Air   #.........   100%        6    #######
 Invisibility             Hex            #.......     100%        6    #######
 Ozocubu's Refrigeration  Ice            #.........   100%        6    #######
 Simulacrum               Ice/Necr       #.........   100%        6    #######
 Dragon Form              Tmut           #.........   100%        7    #######
 Orb of Destruction       Conj           #.........   100%        7    #######
 Ring of Flames           Chrm/Fire      ###.......   100%        7    #######
 Discord                  Hex            #.........   100%        8    #######
 Ignition                 Fire           #.........   100%        8    #######
 Tornado                  Air            #.........   100%        9    #######
 Passage of Golubria      Tloc           Unusable     N/A         4    N/A

Dungeon Overview and Level Annotations

Branches:
Dungeon (15/15)            Temple (0/1) D:6            Lair (6/6) D:9
  Swamp (4/4) Lair:4       Spider (4/4) Lair:3        Slime (5/5) Lair:5
    Orc (2/2) D:12            Elf (3/3) Orc:2        Vaults (5/5) D:13
  Crypt (0/3) Vaults:2     Depths (5/5) D:15            Zot (5/5) Depths:5

Altars:
Ashenzari
Dithmenos
Elyvilon
Fedhas
Gozag
Hepliaklqana
Kikubaaqudgha
Makhleb
Nemelex Xobeh
Okawaru
Trog
Uskayaw
Wu Jian
Xom
Zin
Jiyva

Shops:
D:5 %   D:8 =   D:13 [*   D:14 =   D:15 !   Orc:2 ?=*   Elf:3 ?   Swamp:1 *
Depths:1 *   Depths:2 [   Depths:3 [}!*[   Depths:4 %

Portals:
Hell: Depths:1 Depths:2 Depths:3 Depths:4 Depths:5
Abyss: Depths:4
Pandemonium: Depths:2 Depths:3 Depths:4
Ziggurat: Depths:1
Trove: D:15 (give +2 fire dragon scales)

Annotations:
D:4 2 transporters
Spider:4 exclusion: Roxanne, Roxanne
Zot:5 1 exclusion


Innate Abilities, Weirdness & Mutations

You reflexively headbutt those who attack you in melee.
You have a pair of horns on your head.
You are partially covered in large bone plates. (SH +4)
You tend to lose your temper in combat.
Scrolls take you a little longer to read.
Your mind is acute. (Int +2)
You are very clumsy. (Dex -4)
Your body often deteriorates upon taking damage.
You do not regenerate when monsters are visible.
You are weak. (Str -2)


Message History

No target in view!
No target in view!
No target in view!
(D) Dungeon (T) Temple (L) Lair (S) Swamp (N) Spider Nest (M) Slime Pits (O) Orcish Mines (E) Elven Halls (V) Vaults (C) Crypt (U) Depths (H) Hell (Z) Zot
Where to? (Enter - D:1 @ (x,y), ? - help)
There is a stone staircase leading down here.
There is a stone staircase leading up here.
You climb upwards.
There is a stone staircase leading down here.
There is a stone staircase leading up here.
You climb upwards.
There is a stone staircase leading down here.
There is an open door here.
There is an open door here.
There is an open door here.
There is a staircase leading out of the dungeon here.
You have escaped!

#.# #.#.#.# #####
#.# ##### #.###.#
#.###...####.....#
#..♣##.##♣.#######
#...P#'#♣..#
#..........# #
##..♣#'#♣..# #
#.P##.##♣.# #
####..@#### #
##### # # # # # #
#


There were no monsters in sight!

Vanquished Creatures
  the Royal Jelly (Slime:5)
  4 orbs of fire
  2 ancient liches
  Margery (Depths:1)
  Saint Roka (Vaults:2)
  3 curse toes
  The ghost of Latya the Executioner, a veteran MiBe of Trog (Depths:3)
  5 Killer Klowns (Zot:5)
  Nikola (Elf:3)
  20 golden dragons
  Jory (Depths:4)
  2 bone dragons
  Arachne (Spider:4)
  A lich (Depths:2)
  5 electric golems
  8 tentacled monstrosities
  Rupert (Lair:3)
  27 Orb Guardians
  10 titans
  A large abomination (Elf:3)
  2 deep elf master archers (Elf:3)
  5 deep elf blademasters
  7 quicksilver dragons
  14 acid blobs
  6 sphinxes
  Kirke (D:13)
  An ancient champion (Vaults:2)
  Agnes (Spider:3)
  A tentacled starspawn (Abyss:3)
  7 tengu reavers
  8 death cobs
  10 shadow dragons
  14 storm dragons
  5 draconian scorchers
  4 draconian knights
  12 ghost moths
  6 deep elf sorcerers
  9 fire giants
  5 azure jellies (Slime:5)
  3 imperial myrmidons (Desolation)
  9 draconian shifters
  Louise (D:14)
  20 frost giants
  8 emperor scorpions
  5 draconian monks
  A curse skull (Vaults:2)
  16 vault wardens
  A cacodemon (Abyss:3)
  7 draconian stormcallers
  6 deep elf elementalists
  8 draconian annihilators
  5 war gargoyles
  15 ironheart preservers
  2 reapers
  24 stone giants
  19 very ugly things
  7 entropy weavers
  7 vampire knights
  7 deep elf demonologists
  11 black draconians
  14 green draconians
  A dire elephant (Lair:6)
  11 purple draconians
  Nessos (D:13)
  A red draconian (shapeshifter) (Vaults:5)
  16 red draconians
  16 white draconians
  3 deep elf annihilators (Elf:3)
  A halazid warlock (Desolation)
  15 yellow draconians
  A minotaur (Lab)
  3 spark wasps (Depths:5)
  2 lorocyprocas
  4 deep elf death magi
  17 ettins
  3 crystal guardians (Desolation)
  2 green deaths
  2 eidola
  3 death oozes (Slime:5)
  12 fire dragons
  2 jiangshi (Depths:4)
  11 great orbs of eyes
  Josephine (Lair:6)
  19 yaktaur captains
  6 deep elf high priests
  6 ragged hierophants (Desolation)
  4 servants of whispers (Desolation)
  42 vault guards
  5 rakshasas
  Harold (D:8)
  11 ice dragons
  8 peacekeepers (Desolation)
  A catoblepas (Lair:6)
  27 hydras
  2 spriggan air magi
  3 ghost crabs
  A death knight (Vaults:2)
  18 centaur warriors
  20 ogre magi
  7 deep troll shamans
  26 dancing weapons
  78 two-headed ogres
  A small abomination (Elf:3)
  10 alligators
  9 tengu warriors
  4 death yaks
  8 deep troll earth magi
  An orc high priest (Orc:2)
  8 spriggan berserkers
  Nergalle (Lair:4)
  A naga sharpshooter (Depths:1)
  A vampire mage (Depths:4)
  A sun demon (Depths:1)
  19 deep elf knights
  Urug (Orc:1)
  9 hell knights
  A soul eater (Depths:2)
  A salamander mystic (Depths:2)
  A titan skeleton (Vaults:5)
  3 sixfirhies
  9 shadow wraiths
  A gelid demonspawn (Depths:3)
  2 starcursed masses (Abyss:3)
  A cherub (D:15)
  7 unseen horrors
  2 iron trolls
  38 deep trolls
  9 flayed ghosts
  4 spriggan druids
  A fire crab (shapeshifter) (D:15)
  7 glowing orange brains
  A swamp dragon (shapeshifter) (Depths:1)
  A torturous demonspawn (Depths:3)
  3 wizards
  A naga ritualist (Depths:1)
  An unseen horror (shapeshifter) (Depths:5)
  15 deep elf archers
  2 glowing orange brains (shapeshifter) (Depths:2)
  12 swamp dragons
  An obsidian statue (Zot:3)
  A wolf spider zombie (D:14)
  A lindwurm (Lair:6)
  Pikel (D:7)
  4 harpies
  6 phantasmal warriors
  A harpy (shapeshifter) (Vaults:1)
  29 ugly things
  15 orc knights
  20 ironbrand convokers
  5 necromancers
  A shining eye (shapeshifter) (Vaults:4)
  7 salamanders
  16 cyclopes
  18 orb spiders
  61 deep elf magi
  27 wolf spiders
  4 manticores
  An orc sorcerer (Orc:1)
  3 shining eyes
  A moth of wrath (shapeshifter) (Vaults:4)
  32 moths of wrath
  2 black mambas (shapeshifter)
  2 elephants (Lair:6)
  2 elephants (shapeshifter) (D:15)
  A guardian serpent (shapeshifter) (Vaults:4)
  A manticore (shapeshifter) (Vaults:2)
  A rust devil (D:12)
  4 black mambas
  Maurice (D:7)
  8 vault sentinels
  5 guardian serpents (Desolation)
  2 orange demons
  5 torpor snails
  15 spiny frogs
  A gargoyle (D:11)
  41 yaktaurs
  9 freezing wraiths
  A rime drake (Lair:4)
  A rime drake (shapeshifter) (D:15)
  7 komodo dragons
  A yaktaur (shapeshifter) (D:15)
  18 demonic crawlers
  A hellwing (D:3)
  5 ice devils
  A yaktaur skeleton (Vaults:5)
  8 tengu conjurers
  3 meliai (D:14)
  6 polar bears (Lair:6)
  A jumping spider (shapeshifter) (Vaults:1)
  35 jumping spiders
  53 saltlings (Desolation)
  A queen bee (shapeshifter) (D:15)
  Prince Ribbit (D:8)
  A sphinx simulacrum (Vaults:2)
  6 trolls
  31 hornets
  3 raiju (Lair:6)
  A blink frog (Lair:6)
  98 slime creatures
  A raiju (shapeshifter) (Depths:1)
  8 dream sheep
  8 tyrant leeches
  5 hippogriffs
  A hippogriff (shapeshifter) (Elf:3)
  A blink frog (shapeshifter) (Vaults:1)
  12 bog bodies
  5 air elementals
  A centaur simulacrum (D:12)
  11 spriggans
  Sigmund (D:6)
  70 redbacks
  12 shadows
  A tarantella (shapeshifter) (Elf:3)
  41 tarantellas
  A vampire (D:11)
  5 ynoxinuls
  5 water elementals
  15 wraiths
  An orc simulacrum (Vaults:2)
  4 fire elementals
  A basilisk (Lair:4)
  4 wyverns
  4 fire bats (Abyss:3)
  4 golden eyes (Slime:5)
  16 yaks
  A steam dragon (D:8)
  10 hogs
  A human (D:7)
  2 chaos spawn
  A hungry ghost (D:7)
  An ogre zombie (Vaults:1)
  42 vampire mosquitoes
  9 swamp worms
  9 wargs
  13 water moccasins
  12 insubstantial wisps (Swamp:1)
  A soldier ant (D:11)
  10 hell hounds (Lair:6)
  3 acid dragons
  6 porcupines
  A human skeleton (Vaults:1)
  A floating eye (Depths:5)
  34 orc warriors
  4 slaves
  18 swamp drakes
  3 ice beasts
  3 sky beasts
  12 black bears
  2 phantoms (D:4)
  A black bear (shapeshifter) (Depths:2)
  6 eyes of draining
  An eye of draining (shapeshifter) (Depths:1)
  11 boggarts
  62 ogres
  29 wolves
  22 centaurs
  7 crocodiles
  An orc skeleton (Vaults:1)
  A human zombie (Vaults:5)
  4 big kobolds
  22 bullfrogs
  2 wyvern zombies
  An ogre simulacrum (Vaults:1)
  3 earth elementals
  A wyvern skeleton (D:11)
  8 scorpions
  8 electric eels
  2 howler monkeys
  3 bullfrog zombies
  11 crimson imps
  5 centaur zombies
  5 hounds
  13 orc priests
  2 quasits (Depths:4)
  5 centaur skeletons
  A human simulacrum (Vaults:1)
  4 iron imps
  4 jellies
  A bullfrog skeleton (D:6)
  2 iguanas
  12 worker ants
  30 orc wizards
  A bullfrog simulacrum (D:12)
  2 hound skeletons
  11 adders
  4 gnolls (D:2)
  2 howler monkey skeletons
  4 shadow imps
  2 white imps
  3 ufetubi
  An ooze (D:3)
  An adder skeleton (D:6)
  3 worms
  A dart slug (D:2)
  6 leopard geckos
  96 orcs
  A ball python (D:6)
  9 bats
  6 giant cockroaches
  9 goblins
  7 hobgoblins
  6 jackals (D:5)
  24 kobolds
  4 quokkas
  6 frilled lizards
  7 rats
  A butterfly (Lair:3)
  A toadstool (Spider:1)
2603 creatures vanquished.

Vanquished Creatures (collateral kills)
  A death yak (Lair:6)
  A manticore (Lair:6)
  3 polar bears (Lair:6)
  A tarantella (Spider:1)
  A warg (Lair:6)
  2 hell hounds (Lair:6)
  A black bear (Lair:6)
10 creatures vanquished.

Vanquished Creatures (others)
  4 thorn hunters (Swamp:4)
  A ghost moth (Zot:4)
  A ghoul (Vaults:2)
  An ironheart preserver (Vaults:2)
  A black draconian (Zot:3)
  A white draconian (Zot:5)
  A deep elf death mage (Elf:3)
  2 deep elf high priests (Elf:3)
  2 hydras (Swamp:4)
  A dancing weapon (Elf:3)
  A deep elf knight (Elf:3)
  A wandering mushroom (Spider:2)
  2 swamp dragons
  An unseen horror (D:13)
  2 deep elf archers (Elf:3)
  A wolf spider zombie (D:15)
  4 deep elf magi (Elf:3)
  4 oklob plants (Zot:1)
  5 moths of wrath
  A rust devil (Zot:1)
  A spiny frog (Swamp:1)
  A jumping spider (Spider:2)
  A tyrant leech (Swamp:4)
  A slime creature (Swamp:4)
  A bog body (Swamp:1)
  A vampire mosquito (Swamp:3)
  A warg (Orc:2)
  A floating eye (shapeshifter) (Vaults:3)
  6 swamp drakes
  3 boggarts (D:15)
  13 fungi
  25 plants
  2 starspawn tentacles (Abyss:3)
  933 toadstools
  2 withered plants (Depths:3)
1029 creatures vanquished.

Grand Total: 3642 creatures vanquished

Notes
Turn   | Place    | Note
-------+----------+-------------------------------------------
     0 | D:1      | GordonOverkill the Minotaur Ice Elementalist began the quest for the Orb.
     0 | D:1      | Reached XP level 1. HP: 14/14 MP: 1/1
    47 | D:1      | Reached skill level 1 in Fighting
   181 | D:1      | Reached XP level 2. HP: 23/24 MP: 0/3
   858 | D:2      | Reached XP level 3. HP: 31/31 MP: 1/4
  1175 | D:2      | Found a white marble altar of Elyvilon.
  1696 | D:2      | Reached XP level 4. HP: 21/41 MP: 5/5
  1978 | D:2      | Reached skill level 5 in Fighting
  2386 | D:3      | Reached XP level 5. HP: 38/50 MP: 6/6
  2852 | D:4      | Reached skill level 1 in Axes
  2921 | D:4      | Noticed a phantom
  2938 | D:4      | Killed a phantom
  2938 | D:4      | Reached XP level 6. HP: 41/58 MP: 7/7
  3346 | D:4      | Found a transporter.
  3347 | D:4      | Found a transporter.
  4040 | D:4      | Reached XP level 7. HP: 28/66 MP: 8/8
  4354 | D:5      | Entered Level 5 of the Dungeon
  4399 | D:5      | Noticed a dagger
  4400 | D:5      | Noticed a hand axe
  4403 | D:5      | Found a hide-covered altar of Uskayaw.
  4514 | D:5      | Found a shadowy altar of Dithmenos.
  4519 | D:5      | Reached skill level 5 in Shields
  4843 | D:5      | Found Ytheckoc's Food Emporium.
  4846 | D:5      | Reached skill level 5 in Axes
  5101 | D:5      | Found a blossoming altar of Fedhas.
  5104 | D:5      | Found an ornate altar of the Wu Jian Council.
  5110 | D:5      | Became a worshipper of Fedhas Madash
  5116 | D:5      | Found an opulent altar of Gozag.
  5221 | D:5      | Reached skill level 1 in Armour
  5221 | D:5      | Reached XP level 8. HP: 40/73 MP: 9/9
  5677 | D:6      | Found a blossoming altar of Fedhas.
  5699 | D:6      | Found a bloodstained altar of Trog.
  5983 | D:6      | Found a sparkling altar of Nemelex Xobeh.
  6130 | D:6      | Found a staircase to the Ecumenical Temple.
  6165 | D:6      | Noticed Sigmund
  6168 | D:6      | Killed Sigmund
  6919 | D:7      | Reached XP level 9. HP: 79/79 MP: 10/10
  7001 | D:7      | Reached skill level 10 in Axes
  7651 | D:8      | Found Duajee's Jewellery Boutique.
  7801 | D:8      | Noticed Maurice
  8010 | D:7      | Killed Maurice
  8139 | D:8      | Noticed Prince Ribbit
  8156 | D:8      | Noticed Pikel
  8362 | D:7      | Killed Pikel
  8362 | D:7      | Reached XP level 10. HP: 77/86 MP: 11/11
  8452 | D:8      | Noticed Harold
  8468 | D:8      | Killed Harold
  8509 | D:8      | Killed Prince Ribbit
  8574 | D:8      | Found a hazy altar of Hepliaklqana.
 10251 | D:9      | Found a shimmering altar of Xom.
 10251 | D:9      | Noticed an angel
 10252 | D:9      | Found a glowing silver altar of Zin.
 10314 | D:9      | Found a staircase to the Lair.
 10579 | D:9      | Found a burning altar of Makhleb.
 10912 | D:9      | Found an iron altar of Okawaru.
 11017 | D:10     | Entered Level 10 of the Dungeon
 11135 | D:10     | Reached XP level 11. HP: 95/95 MP: 12/12
 11355 | D:10     | Reached * piety under Fedhas
 11737 | D:11     | Killed an unseen horror
 11737 | D:11     | Reached skill level 15 in Axes
 12163 | D:11     | Reached skill level 10 in Fighting
 12244 | D:11     | Killed an unseen horror
 12807 | D:11     | Noticed a centaur warrior
 12818 | D:11     | Killed a centaur warrior
 12818 | D:11     | Reached skill level 5 in Armour
 12821 | D:11     | Reached ** piety under Fedhas
 13837 | D:12     | Noticed a brown ugly thing
 13845 | D:12     | Reached skill level 1 in Invocations
 13853 | D:12     | Killed a brown ugly thing
 13853 | D:12     | Reached XP level 12. HP: 77/106 MP: 13/13
 13884 | D:12     | Found a labyrinth entrance.
 13888 | D:12     | Noticed a two-headed ogre
 13901 | D:12     | Killed a two-headed ogre
 13924 | Lab      | Entered a labyrinth
 14396 | Lab      | Noticed a minotaur
 14405 | Lab      | Killed a minotaur
 14579 | Lab      | Identified Ruoty's Compendium of the Lethal Traveller
 15153 | D:12     | Found a staircase to the Orcish Mines.
 15527 | Orc:1    | Entered Level 1 of the Orcish Mines
 15674 | Orc:1    | Reached skill level 5 in Invocations
 15853 | Orc:1    | Noticed Urug
 15863 | Orc:1    | Killed Urug
 16023 | Orc:2    | Entered Level 2 of the Orcish Mines
 16042 | Orc:2    | Noticed an ogre mage
 16045 | Orc:2    | Noticed a two-headed ogre
 16046 | Orc:2    | Noticed a two-headed ogre
 16046 | Orc:2    | Noticed an ogre mage
 16046 | Orc:2    | Noticed a two-headed ogre
 16046 | Orc:2    | Noticed a two-headed ogre
 16061 | Orc:1    | Killed a two-headed ogre
 16105 | Orc:2    | Noticed a two-headed ogre
 16112 | Orc:1    | Killed a two-headed ogre
 16118 | Orc:1    | Killed a two-headed ogre
 16331 | Orc:2    | Noticed an ogre mage
 16339 | Orc:2    | Noticed a two-headed ogre
 16340 | Orc:2    | Killed a two-headed ogre
 16353 | Orc:1    | Killed an ogre mage
 16512 | Orc:2    | Noticed a two-headed ogre
 16795 | Orc:1    | Killed a two-headed ogre
 16878 | Orc:1    | Killed a two-headed ogre
 17193 | Orc:1    | Killed a two-headed ogre
 17199 | Orc:2    | Noticed a two-headed ogre
 17329 | Orc:1    | Killed a two-headed ogre
 17329 | Orc:1    | Reached XP level 13. HP: 83/113 MP: 18/18
 17940 | Orc:2    | Reached skill level 10 in Invocations
 18008 | Orc:1    | Reached *** piety under Fedhas
 18116 | Lair:1   | Entered Level 1 of the Lair of Beasts
 18974 | Lair:2   | Found an ornate altar of the Wu Jian Council.
 19824 | Lair:3   | Found a hole to the Spider Nest.
 19991 | Lair:3   | Found the +8 whip "Snakebite" {curare, rPois}
 20068 | Lair:3   | Noticed Rupert
 20079 | Lair:3   | Killed Rupert
 20425 | Lair:4   | Noticed Nergalle
 20439 | Lair:4   | Killed Nergalle
 20905 | Lair:4   | Found a staircase to the Swamp.
 21306 | Lair:5   | Found a viscous altar of Jiyva.
 21307 | Lair:5   | Found a staircase to the Slime Pits.
 21739 | Lair:6   | Entered Level 6 of the Lair of Beasts
 21795 | Lair:6   | Reached **** piety under Fedhas
 21879 | Lair:6   | Noticed Josephine
 21895 | Lair:6   | Killed Josephine
 21895 | Lair:6   | Reached XP level 14. HP: 107/125 MP: 19/22
 22518 | Lair:6   | Reached ***** piety under Fedhas
 23721 | Lair:6   | Identified a scroll of acquirement
 23998 | D:13     | Noticed Nessos
 24174 | D:13     | Killed Nessos
 24905 | D:13     | Found a gate to the Vaults.
 25035 | D:13     | Reached skill level 15 in Invocations
 25491 | D:13     | Found Dick's Assorted Antiques.
 25497 | D:13     | Bought a scroll of blinking for 210 gold pieces
 25497 | D:13     | Bought a potion of mutation for 224 gold pieces
 25497 | D:13     | Bought a potion of haste for 280 gold pieces
 25502 | D:13     | Found Burearyeri's Antique Armour Emporium.
 26042 | D:13     | Reached XP level 15. HP: 135/135 MP: 25/25
 26146 | D:14     | Found Nezxirch's Jewellery Emporium.
 26152 | D:14     | Bought an uncursed amulet of regeneration for 390 gold pieces
 26235 | D:14     | Found a shadowy altar of Dithmenos.
 26457 | D:14     | Noticed Kirke
 27354 | D:14     | Noticed Louise
 27375 | D:14     | Killed Louise
 28045 | D:15     | Entered Level 15 of the Dungeon
 28306 | D:15     | Reached skill level 10 in Shields
 28443 | D:15     | Found Cylikuog's Distillery.
 28451 | D:15     | Bought a potion of heal wounds for 55 gold pieces
 28451 | D:15     | Bought a potion of haste for 110 gold pieces
 28451 | D:15     | Bought a potion of resistance for 110 gold pieces
 28451 | D:15     | Bought a potion of haste for 110 gold pieces
 28451 | D:15     | Bought a potion of invisibility for 88 gold pieces
 28451 | D:15     | Bought 2 potions of curing for 66 gold pieces
 28451 | D:15     | Bought a potion of curing for 33 gold pieces
 28703 | D:15     | Reached ****** piety under Fedhas
 28775 | D:15     | Found a staircase to the Depths.
 29017 | D:15     | Found a portal to a secret trove of treasure.
 29357 | D:13     | Killed Kirke
 29499 | Orc:2    | Found Ifag's Food Boutique.
 29499 | Orc:2    | Found Syorgh's Jewellery Shoppe.
 29501 | Orc:2    | Found Ratogoof's Assorted Antiques.
 29501 | Orc:2    | Found Vuddaiq's Magic Scroll Shop.
 29590 | Orc:2    | Found a staircase to the Elven Halls.
 30238 | Swamp:1  | Entered Level 1 of the Swamp
 30563 | Spider:1 | Entered Level 1 of the Spider Nest
 30946 | Spider:1 | Reached XP level 16. HP: 101/143 MP: 27/27
 31961 | Spider:2 | Reached skill level 15 in Shields
 33299 | Spider:3 | Reached skill level 15 in Fighting
 33377 | Spider:3 | Noticed Agnes
 33387 | Spider:3 | Killed Agnes
 33995 | Spider:4 | Entered Level 4 of the Spider Nest
 34432 | Spider:4 | Noticed Roxanne
 35133 | Spider:4 | Reached XP level 17. HP: 144/160 MP: 28/28
 35899 | Spider:4 | Noticed Arachne
 35946 | Spider:4 | Killed Arachne
 36323 | Spider:4 | Got a gossamer rune of Zot
 37314 | Orc:2    | Bought the amulet "Qunoz" {+Rage rPois Str+7} for 922 gold pieces
 37644 | Swamp:1  | Reached skill level 1 in Evocations
 38125 | Swamp:1  | Found Nagukaw's Island Escapes.
 39060 | Swamp:2  | Got a warped buckler
 39061 | Swamp:2  | Identified the +5 buckler of Inviolability {rPois rN+ Int-5} (You found it on level 2 of the Swamp)
 39428 | Swamp:3  | Reached skill level 5 in Evocations
 40432 | Swamp:4  | Entered Level 4 of the Swamp
 40692 | Swamp:4  | Reached skill level 10 in Armour
 40758 | Swamp:4  | Reached XP level 18. HP: 130/176 MP: 29/29
 41222 | Swamp:4  | Found an ancient bone altar of Kikubaaqudgha.
 41995 | Swamp:4  | Got a decaying rune of Zot
 42572 | Orc:2    | Bought a ration for 50 gold pieces
 42572 | Orc:2    | Bought a ration for 50 gold pieces
 42572 | Orc:2    | Bought a ration for 50 gold pieces
 42572 | Orc:2    | Bought a ration for 50 gold pieces
 42572 | Orc:2    | Bought a ration for 50 gold pieces
 42572 | Orc:2    | Bought a ration for 50 gold pieces
 42572 | Orc:2    | Bought a ration for 50 gold pieces
 42572 | Orc:2    | Bought a ration for 50 gold pieces
 42572 | Orc:2    | Bought a ration for 50 gold pieces
 42676 | Vaults:1 | Entered Level 1 of the Vaults
 43805 | Vaults:1 | Reached skill level 5 in Dodging
 45579 | Vaults:2 | Reached XP level 19. HP: 185/185 MP: 30/30
 45893 | Vaults:2 | Noticed Saint Roka
 45924 | Vaults:2 | Killed Saint Roka
 45924 | Vaults:2 | Reached skill level 15 in Armour
 47245 | Vaults:2 | Found a staircase to the Crypt.
 49015 | Vaults:3 | Paralysed by a floating eye for 2 turns
 49024 | Vaults:3 | Paralysed by a floating eye for 2 turns
 49030 | Vaults:3 | Paralysed by a floating eye for 3 turns
 49661 | Vaults:3 | Found the +8 glaive of the Guard {elec, +Rage AC+5 SInv}
 49950 | Vaults:3 | Got a translucent buckler
 49961 | Vaults:3 | Identified the +2 buckler of Hangman {Regen+ Dex+4} (You acquired it on level 3 of the Vaults)
 50474 | Vaults:4 | Reached XP level 20. HP: 188/200 MP: 31/31
 50659 | Vaults:4 | Gained mutation: Armour fits poorly on your strangely shaped body. [a shining eye]
 50661 | Vaults:4 | Gained mutation: Your body sometimes deteriorates upon taking damage. [a shining eye]
 50664 | Vaults:4 | Gained mutation: You are occasionally teleported next to monsters. [a shining eye]
 50687 | Vaults:4 | Lost mutation: You are occasionally teleported next to monsters. [potion of mutation]
 50687 | Vaults:4 | Lost mutation: Your body sometimes deteriorates upon taking damage. [potion of mutation]
 50687 | Vaults:4 | Lost mutation: Armour fits poorly on your strangely shaped body. [potion of mutation]
 50687 | Vaults:4 | Gained mutation: You are resistant to hostile enchantments. (MR+) [potion of mutation]
 50687 | Vaults:4 | Gained mutation: Your mind is acute. (Int +2) [potion of mutation]
 50687 | Vaults:4 | Gained mutation: You have very sharp teeth. [potion of mutation]
 50687 | Vaults:4 | Gained mutation: You have a somewhat thin skeletal structure. (Dex +2, Stealth) [potion of mutation]
 52498 | Vaults:5 | Entered Level 5 of the Vaults
 52881 | Depths:1 | Entered Level 1 of the Depths
 53112 | Orc:2    | Bought the ring "Doto" {rF+ rC+ MP+9 Str+4} for 691 gold pieces
 53117 | Orc:2    | Bought a scroll of blinking for 255 gold pieces
 53479 | Depths:1 | Found a gateway to Hell.
 53479 | Depths:1 | Noticed Margery
 53528 | Depths:1 | Killed Margery
 54204 | Depths:1 | Found a gateway to a ziggurat.
 54249 | Depths:1 | Reached XP level 21. HP: 182/216 MP: 32/32
 54510 | Depths:1 | Found Dauz's Serpentskin Sales.
 54857 | Vaults:1 | Got an encrusted plate armour
 54858 | Vaults:1 | Identified the cursed +0 plate armour of Temperance {rF+ Str+7 Int-4} (You took it off an orc knight on level 1 of the Vaults)
 55134 | Depths:2 | Found a one-way gate leading to the halls of Pandemonium.
 55220 | Depths:2 | Found a burning altar of Makhleb.
 55465 | Depths:2 | Found Heopra's Antique Armour Emporium.
 57004 | Depths:3 | Found Zeweusak's Gadget Shop.
 57004 | Depths:3 | Found Pameten's Antique Armour Emporium.
 57163 | Depths:3 | Reached skill level 27 in Fighting
 57835 | Depths:3 | Reached skill level 10 in Dodging
 57842 | Depths:3 | Reached XP level 22. HP: 233/233 MP: 33/33
 57985 | Depths:3 | Found Belefre's General Store.
 57986 | Depths:3 | Found Suxabuz's Distillery.
 57989 | Depths:3 | Found Ludule's Armour Boutique.
 58090 | Depths:3 | Found a runed door.
 58091 | Depths:3 | Noticed Latya's ghost (veteran MiBe)
 58539 | Depths:3 | Found the amulet of the Four Winds {rN+ MR+++ Clar}
 58923 | Depths:3 | Killed Latya's ghost
 59264 | Depths:3 | Bought a pair of glowing boots for 247 gold pieces
 59274 | Depths:3 | Identified a +2 pair of boots of running (You bought it in a shop on level 3 of the Depths)
 59943 | Depths:4 | Found Ciog's Food Shoppe.
 60151 | Depths:4 | Found a one-way gate to the infinite horrors of the Abyss.
 60525 | Depths:4 | Noticed Jory
 60542 | Depths:4 | Killed Jory
 61201 | Depths:5 | Entered Level 5 of the Depths
 61207 | Depths:5 | Reached XP level 23. HP: 228/240 MP: 34/34
 61207 | Depths:5 | Paralysed by a floating eye for 2 turns
 61284 | Depths:5 | Found a magical portal.
 62536 | Depths:5 | Found a gate to the Realm of Zot.
 62578 | Depths:5 | Found a shattered altar of Ashenzari.
 63227 | Elf:1    | Entered Level 1 of the Elven Halls
 63364 | Elf:1    | Found a ruined gateway.
 63395 | Desolati | Entered the Desolation of Salt
 63869 | Desolati | Got a twitching steel ring
 63870 | Desolati | Identified the ring "Veizogh" {rCorr Dex+8} (You found it in the Desolation of Salt)
 64084 | Desolati | Identified the Volume of Mana
 64100 | Desolati | Identified the Volume of Creative Transformation
 64246 | Desolati | Got a sparkling steel ring
 64254 | Desolati | Identified Kyno's Incunabulum of Terror
 64256 | Desolati | Identified the Catalogue of the Ageless Moons
 64261 | Desolati | Identified the Handbook of Vitriolic Malediction
 65512 | Elf:2    | Found a runed gate.
 65513 | Elf:2    | Found a runed gate.
 65565 | Elf:2    | Found a runed gate.
 66143 | Elf:2    | Reached XP level 24. HP: 225/249 MP: 34/34
 66151 | Elf:2    | Identified the ring of Urom {rElec rC+ MP+9 Stlth+} (You took it off an ironbrand convoker in the Desolation of Salt)
 66632 | Orc:2    | Bought a scroll of enchant armour for 82 gold pieces
 66632 | Orc:2    | Bought a scroll of magic mapping for 38 gold pieces
 66632 | Orc:2    | Bought a scroll of magic mapping for 38 gold pieces
 66690 | Elf:3    | Entered Level 3 of the Elven Halls
 66696 | Elf:3    | Found Keuz's Magic Scroll Boutique.
 67511 | Elf:3    | Noticed Nikola
 67916 | Elf:3    | Killed Nikola
 68123 | Elf:3    | Got a smoking lapis lazuli ring
 68307 | Elf:3    | Got a faintly glowing turquoise ring
 68318 | Elf:3    | Identified the ring "Ozaupsue" {AC+4 Dex+5} (You took it off a deep elf elementalist on level 3 of the Elven Halls)
 68319 | Elf:3    | Identified the ring "Neololos" {+Blink +Inv rC++ Str+3 Stlth+} (You took it off a deep elf annihilator on level 3 of the Elven Halls)
 68352 | Elf:3    | Found the +7 sceptre of Torment
 68352 | Elf:3    | Found the amulet of the Air {Inacc +Fly rElec EV+5 RMsl}
 68359 | Elf:3    | Got a spiked plate armour
 68360 | Elf:3    | Identified the +9 plate armour of Masochism {MR+} (You found it on level 3 of the Elven Halls)
 68368 | Elf:3    | Identified the Collected Works on Dark Rites
 68538 | Orc:2    | Bought a scroll of acquirement for 572 gold pieces
 68542 | Orc:2    | Bought a ration for 50 gold pieces
 68774 | Depths:3 | Bought a potion of cancellation for 128 gold pieces
 68774 | Depths:3 | Bought a potion of resistance for 160 gold pieces
 68774 | Depths:3 | Bought a potion of haste for 160 gold pieces
 68774 | Depths:3 | Bought a potion of agility for 64 gold pieces
 68774 | Depths:3 | Bought a potion of berserk rage for 80 gold pieces
 69042 | Elf:3    | Bought a scroll of fog for 32 gold pieces
 69042 | Elf:3    | Bought a scroll of fog for 32 gold pieces
 69042 | Elf:3    | Bought a scroll of magic mapping for 56 gold pieces
 69042 | Elf:3    | Bought 3 scrolls of magic mapping for 168 gold pieces
 69042 | Elf:3    | Bought a scroll of immolation for 56 gold pieces
 69385 | Slime:1  | Entered Level 1 of the Pits of Slime
 69717 | Slime:4  | Gained mutation: You are clumsy. (Dex -2) [a shining eye]
 69791 | Slime:5  | Entered Level 5 of the Pits of Slime
 69819 | Slime:5  | Noticed the Royal Jelly
 69841 | Slime:5  | Killed the Royal Jelly
 69877 | Slime:5  | Gained mutation: You are weak. (Str -2) [a shining eye]
 70191 | Slime:5  | Got a pair of distressingly furry boots
 70192 | Slime:5  | Identified the +0 pair of boots "Mythytuq" {+Fly rN+ Regen+} (You found it on level 5 of the Pits of Slime)
 70213 | Slime:5  | Got a slimy rune of Zot
 70230 | Slime:5  | Got a heavily runed marble ring
 70231 | Slime:5  | Identified the ring "Oblot" {+Inv rElec Str-3 Int+4 Dex+3} (You found it on level 5 of the Pits of Slime)
 70247 | Slime:5  | Identified the Compendium of the Floating Arsonist
 70818 | Vaults:5 | Reached XP level 25. HP: 178/257 MP: 34/34
 71365 | Vaults:5 | Noticed an ancient lich
 71377 | Vaults:5 | Killed an ancient lich
 72567 | Vaults:5 | Got a silver rune of Zot
 72771 | Vaults:5 | Got a translucent iron amulet
 72772 | Vaults:5 | Identified the amulet of the Crown {Inacc +Inv rN+++ MR- Str-5} (You found it on level 5 of the Vaults)
 73354 | Vaults:5 | Found the +8 demon blade "Bloodbane" {slice, *Rage +Rage Stlth-}
 73415 | Vaults:5 | Learned a level 2 spell: Song of Slaying
 73627 | Vaults:5 | Reached skill level 1 in Charms
 73684 | Vaults:5 | Found the +0 mask of the Dragon {MR+ Slay+3 SInv}
 74518 | Zot:1    | Entered Level 1 of the Realm of Zot
 74762 | Zot:1    | Reached XP level 26. HP: 266/266 MP: 34/34
 75668 | Zot:1    | Cast into level 3 of the Abyss (purple draconian knight)
 75882 | Abyss:3  | Gained mutation: Your magical capacity is low. (-10% MP) [a cacodemon]
 75934 | Zot:1    | Escaped the Abyss
 76404 | Zot:2    | Reached skill level 5 in Spellcasting
 76530 | Zot:2    | Reached skill level 5 in Charms
 76980 | Zot:2    | Noticed an orb of fire
 76985 | Zot:2    | Gained mutation: You are very clumsy. (Dex -4) [an orb of fire]
 76993 | Zot:2    | Gained mutation: Your body sometimes deteriorates upon taking damage. [an orb of fire]
 77009 | Zot:2    | Killed an orb of fire
 77777 | Zot:3    | Found a transporter.
 78118 | Zot:3    | Found a transporter.
 78726 | Zot:3    | Reached XP level 27. HP: 244/273 MP: 30/30
 78908 | Zot:3    | Got a pair of fine gloves
 78909 | Zot:3    | Identified the cursed +0 pair of gloves "Xoutadgh" {rC++} (You found it on level 3 of the Realm of Zot)
 79081 | Zot:4    | Reached skill level 10 in Charms
 80874 | Zot:5    | Entered Level 5 of the Realm of Zot
 81465 | Zot:5    | Noticed an ancient lich
 81509 | Zot:5    | Killed an ancient lich
 81661 | Zot:5    | Noticed an orb of fire
 81671 | Zot:5    | Gained mutation: Your body often deteriorates upon taking damage. [an orb of fire]
 81672 | Zot:5    | Gained mutation: You do not regenerate when monsters are visible. [an orb of fire]
 81679 | Zot:5    | Gained mutation: Scrolls take you a little longer to read. [an orb of fire]
 81681 | Zot:5    | Killed an orb of fire
 81942 | Zot:4    | Lost mutation: You are resistant to hostile enchantments. (MR+) [potion of mutation]
 81942 | Zot:4    | Lost mutation: Your magical capacity is low. (-10% MP) [potion of mutation]
 81942 | Zot:4    | Lost mutation: You have very sharp teeth. [potion of mutation]
 81942 | Zot:4    | Lost mutation: Your mind is acute. (Int +2) [potion of mutation]
 81942 | Zot:4    | Gained mutation: You have a pair of large horns on your head. [potion of mutation]
 81943 | Zot:4    | Lost mutation: Scrolls take you a little longer to read. [potion of mutation]
 81943 | Zot:4    | Lost mutation: You have a somewhat thin skeletal structure. (Dex +2, Stealth) [potion of mutation]
 81943 | Zot:4    | Lost mutation: You have a pair of large horns on your head. [potion of mutation]
 81943 | Zot:4    | Gained mutation: You are partially covered in large bone plates. (SH +4) [potion of mutation]
 81943 | Zot:4    | Gained mutation: Your mind is acute. (Int +2) [potion of mutation]
 85569 | Zot:5    | Noticed an orb of fire
 85578 | Zot:5    | Gained mutation: Scrolls take you a little longer to read. [an orb of fire]
 85581 | Zot:5    | Gained mutation: You tend to lose your temper in combat. [an orb of fire]
 85583 | Zot:5    | Killed an orb of fire
 85583 | Zot:5    | Reached skill level 27 in Armour
 87857 | Zot:5    | Reached skill level 15 in Dodging
 87863 | Zot:5    | Noticed an orb of fire
 87882 | Zot:5    | Killed an orb of fire
 88796 | Zot:5    | Got the Orb of Zot
 89541 | D:$      | Escaped with the Orb!

Skill      XL: |  1  2  3  4  5  6  7  8  9 10 11 12 13 14 15 16 17 18 19 20 21 22 23 24 25 26 27 |
---------------+----------------------------------------------------------------------------------+-----
Fighting       | 2 3 4 6 7 8 10 11 13 16 19 20 22 24 27 | 27.0
Axes           | 2 3 5 8 12 14 16 18 19 | 19.0
Shields        | 3 6 7 9 13 15 19 23 25 | 25.0
Armour         | 1 3 5 6 9 10 14 17 19 21 23 24 27 | 27.0
Dodging        | 3 7 10 12 16 | 16.6
Invocations    | 1 8 12 15 16 | 16.0
Evocations     | 6 |  6.0
Charms         | 2 9 12 | 12.0
Spellcasting   | 2 5 |  5.0
Stealth        | |  1.5
Conjurations   | |  0.6
Ice Magic      | |  2.1

Action                   |  1- 3 |  4- 6 |  7- 9 | 10-12 | 13-15 | 16-18 | 19-21 | 22-24 | 25-27 || total
-------------------------+-------+-------+-------+-------+-------+-------+-------+-------+-------++-------
Melee: Dagger            |     9 |       |       |       |       |       |       |       |       ||     9
       Unarmed           |     5 |       |       |       |     9 |       |       |       |       ||    14
       Headbutt          |     2 |    23 |    58 |   122 |   247 |   500 |   400 |   555 |   540 ||  2447
       Short sword       |    42 |   124 |   369 |     6 |       |       |       |       |       ||   541
       War axe           |       |       |       |   480 |       |       |       |       |       ||   480
       Broad axe         |       |       |       |   198 |  1168 |  1704 |  1248 |  1773 |  1903 ||  7994
       Flail             |       |       |       |       |    38 |    97 |       |       |       ||   135
       Bite              |       |       |       |       |       |       |   135 |   336 |   251 ||   722
 Fire: Hunting sling     |    22 |       |       |       |       |       |       |       |       ||    22
 Cast: Freeze            |    22 |       |       |       |       |       |       |       |       ||    22
       Song of Slaying   |       |       |       |       |       |       |       |       |    25 ||    25
Invok: Fungal Bloom      |       |       |       |    24 |    58 |    80 |    22 |     1 |       ||   185
       Evolution         |       |       |       |       |     3 |       |       |       |       ||     3
       Growth            |       |       |       |       |     2 |     1 |       |       |       ||     3
       Sunlight          |       |       |       |       |     1 |       |       |       |       ||     1
       Rain              |       |       |       |       |       |       |     1 |       |       ||     1
 Abil: Evoke Berserk Rag |       |       |       |       |       |     9 |    12 |     3 |       ||    24
       Evoke Invisibilit |       |       |       |       |       |       |       |       |    17 ||    17
Evoke: Wand              |       |       |    13 |    13 |     3 |     1 |     4 |     5 |     3 ||    42
  Use: Scroll            |       |       |    14 |    15 |    11 |    13 |     8 |    34 |    14 ||   109
       Potion            |       |       |       |     3 |    10 |    10 |     3 |     6 |    10 ||    42
 Stab: Sleeping          |       |     1 |       |       |       |       |       |       |       ||     1
       Invisible         |       |       |       |       |     1 |     7 |       |       |    87 ||    95
       Petrified         |       |       |       |       |     2 |       |       |       |       ||     2
       Confused          |       |       |       |       |     3 |     3 |       |       |     1 ||     7
       Distracted        |       |       |       |       |     1 |     1 |     2 |     2 |     2 ||     8
       Held in net/web   |       |       |       |       |       |     1 |       |       |       ||     1
  Eat: Chunk             |     2 |     9 |    14 |    20 |    24 |    26 |    40 |    24 |    27 ||   186
       Ration            |       |       |       |     3 |     6 |     9 |     3 |     6 |    14 ||    41
Armor: Robe              |     5 |       |       |       |       |       |       |       |       ||     5
       Ring mail         |    21 |    16 |       |       |       |       |       |       |       ||    37
       Scale mail        |       |    11 |    27 |       |       |       |       |       |       ||    38
       Chain mail        |       |       |   130 |   285 |   611 |   925 |   246 |       |       ||  2197
       Plate armour      |       |       |       |       |       |       |   104 |   144 |       ||   248
       Gold dragon scale |       |       |       |       |       |       |       |   376 |   756 ||  1132
Dodge: Dodged            |    56 |    61 |   104 |   156 |   322 |   482 |   259 |   344 |   450 ||  2234
Block: Buckler           |       |     5 |   113 |   212 |    30 |       |       |       |       ||   360
       Shield            |       |       |       |       |   380 |       |       |       |       ||   380
       Large shield      |       |       |       |       |   310 |  1902 |  1122 |  1296 |  1736 ||  6366
